 Dungeon Crawl Stone Soup version 0.29-a0-96-g93358da72b (webtiles) character file.

Game seed: 955170596066487093

107 cyrus the Skirmisher (level 4, -2/42 HPs)
             Began as a Naga Fighter on Feb 11, 2022.
             Was a Follower of Fedhas.
             Slain by an iguana (6 damage)
             ... on level 3 of the Dungeon.
             The game lasted 00:07:59 (3045 turns).

cyrus the Skirmisher (Naga Fighter)                 Turns: 3045, Time: 00:08:05

Health: -2/42      AC: 12    Str: 21    XL:     4   Next: 86%
Magic:  4/4        EV:  5    Int: 14    God:    Fedhas [*.....]
Gold:   134        SH:  9    Dex: 10    Spells: 3/3 levels left

rFire   . . .      SeeInvis +   a - +0 trident
rCold   . . .      Faith    .   c - +0 buckler
rNeg    . . .      Spirit   .   p - +3 scale mail "Uzah" {Harm rPois Int+6}
rPois   +          Reflect  +   (no helmet)
rElec   .          Harm     +   (no cloak)
rCorr   .          Rampage  .   (no gloves)
Will    .....                   h - +0 barding
Stlth   ..........              k - amulet of reflection
HPRegen 0.14/turn               (no ring)
MPRegen 0.09/turn               (no ring)

@: mighty, very slow
A: AC +1, large, see invisible, deformed body, poison resistance, slowness 2,
spit poison 1, naga tail 1
a: Spit Poison, Renounce Religion


You were on level 3 of the Dungeon.
You worshipped Fedhas.
Fedhas was aware of your devotion.
You visited 1 branch of the dungeon, and saw 3 of its levels.

You collected 134 gold pieces.

Inventory:

Hand Weapons
 a - a +0 trident (weapon)
Armour
 b - a +0 scale mail
 c - a +0 buckler (worn)
 h - a +0 barding (worn)
 i - a +0 chain mail
 p - the +3 scale mail "Uzah" (worn) {Harm rPois Int+6}
   (You found it on level 3 of the Dungeon)

   Int:       It affects your intelligence (+6).
   rPois:     It protects you from poison.
   Harm:      It increases damage dealt and taken.
Jewellery
 j - a ring of fire
 k - an amulet of reflection (around neck)
Wands
 l - a wand of mindburst (19)
Scrolls
 e - 2 scrolls of enchant armour {unknown}
 f - 3 scrolls of magic mapping {unknown}
 m - 3 scrolls of identify {unknown}
 n - 2 scrolls of silence {unknown}
Potions
 g - a potion of curing {unknown}
 o - a potion of flight {unknown}
 q - 2 potions of cancellation {unknown}
 r - a potion of heal wounds {unknown}


   Skills:
 + Level 3.5 Fighting
 + Level 3.0 Polearms
 + Level 3.3 Armour
 + Level 0.1 Dodging
 + Level 0.9 Stealth
 + Level 2.6 Shields


You had 3 spell levels left.
You didn't know any spells.
Your spell library was empty.

Dungeon Overview and Level Annotations

Branches:
Dungeon (3/15)

Altars:
Fedhas
Ru


Innate Abilities, Weirdness & Mutations

Your serpentine skin is tough. (AC +1)
You have supernaturally acute eyesight. (SInv)
Armour fits poorly on your strangely shaped body.
Your system is resistant to poisons. (rPois)
You cover ground very slowly.
You can spit poison.
You have a snake-like lower body.


Message History

You see here a ball python corpse.
r - a bubbling dark potion A bat comes into view.
The bat hits you but does no damage.
A bat is nearby!
You block the bat's attack. The bat barely misses you.
You closely miss the bat. You block the bat's attack.
You block the bat's attack. x2; The bat hits you but does no damage.
A bat is nearby!
You barely miss the bat. The bat hits you but does no damage.
You block the bat's attack.
You closely miss the bat. The bat hits you but does no damage.
You block the bat's attack. The bat hits you but does no damage.
You hit the bat.
The bat is heavily wounded.
The bat hits you but does no damage.
You hit the bat.
You kill the bat!
Fedhas appreciates your contribution to the ecosystem.
You see here 19 sling bullets.
An iguana comes into view.
Found 16 gold pieces.
The iguana hisses angrily.
A bat comes into view.
There are monsters nearby!
You block the bat's attack.
You miss the bat. The bat barely misses you.
You hit the bat.
The bat is heavily wounded.
The bat hits you but does no damage. The iguana bites you!
The iguana bites you.
You barely miss the iguana. You block the bat's attack. The iguana bites you!
You hit the iguana.
The iguana is heavily wounded.
The bat hits you. The iguana bites you!
* * * LOW HITPOINT WARNING * * *
You feel very mighty all of a sudden. The bat hits you but does no damage.
The iguana bites you.
You die...
Fedhas appreciates your contribution to the ecosystem.

.##.####.# #.#
#.####.####.#
#.......##.###########
#.####.#.##...........##
#.................#
#...##.(########..#
#...##..###...##..##
.####...........#.##....
.......@##..###...##.###
......bl##..# ##...#.#
.......$....# #...#.###
#......###..# #...#....
#...... ...# ##.######
##..... ##.######.#
#..... #.#......# #.#.#.
#.###..# #..#


You could see an iguana and a bat.

Vanquished Creatures
  A gnoll (D:1)
  4 adders
  3 dart slugs (D:1)
  An endoplasm (D:2)
  4 giant cockroaches
  5 hobgoblins
  4 quokkas
  6 ball pythons
  4 bats
  4 frilled lizards
  8 goblins
  A kobold (D:1)
  11 rats
56 creatures vanquished.

Notes
Turn   | Place    | Note
-------+----------+-------------------------------------------
     0 | D:1      | cyrus the Naga Fighter began the quest for the Orb.
     0 | D:1      | Reached XP level 1. HP: 21/21 MP: 1/1
   223 | D:1      | Reached XP level 2. HP: 23/28 MP: 2/2
   533 | D:1      | Reached XP level 3. HP: 34/34 MP: 3/3
  1761 | D:2      | Reached XP level 4. HP: 28/42 MP: 4/4
  2087 | D:2      | Found a faded altar of an unknown god.
  2144 | D:2      | Prayed at the altar of an unknown god.
  2144 | D:2      | Became a worshipper of Fedhas Madash
  2144 | D:2      | Reached * piety under Fedhas
  2898 | D:3      | Identified the +3 scale mail "Uzah" {Harm rPois Int+6}
  2954 | D:3      | Found a sacrificial altar of Ru.
  3045 | D:3      | Slain by an iguana

Illustrated notes

Levels and vault maps discovered:
D:1:      lemuel_arrival_lava_pool, layout_loops_ring, st_stairs_10
D:2:      layout_basic, ebering_ecumenical_altar_hall
D:3:      layout_loops_ring, nicolae_ru_awakened_eye

Skill      XL: |  1  2  3  4 |
---------------+-------------+-----
Armour         | 3 |  3.3
Polearms       | 3 |  3.0
Fighting       | |  3.5
Dodging        | |  0.1
Stealth        | |  0.9
Shields        | |  2.6

Action                   |  1- 3 |  4- 6 || total
-------------------------+-------+-------++-------
Melee: Trident           |   104 |    71 ||   175
  Use: Potion            |       |     1 ||     1
Armor: Scale mail        |    84 |    14 ||    98
       Chain mail        |       |    64 ||    64
Dodge: Dodged            |    53 |    12 ||    65
Block: Buckler           |    32 |    43 ||    75

Table legend: (Time is in decaauts)
 A = Elapsed time spent in this place.
 B = Non-inter-level travel time spent in this place.
 C = Inter-level travel time spent in this place.
 D = Time resting spent in this place.
 E = Time spent auto-exploring this place.
 F = Levels seen in this place.
 G = Mean time per level.
                   A        B        C        D        E       F      G
               +--------+--------+--------+--------+--------+-----+--------+
         Total |   3886 |   3661 |    225 |    124 |   2498 |   3 | 1295.3 |
       Dungeon |   3886 |   3661 |    225 |    124 |   2498 |   3 | 1295.3 |
               +--------+--------+--------+--------+--------+-----+--------+

Top non-repeatable levels by time:
     D:1: 2120 daAuts
     D:2: 1530 daAuts
     D:3: 234 daAuts
